Selects Italian Combined Arms Battlegroup
Selects Bersaglieri Squad
Construct Light Support Kompanie
Selects Bersaglieri Bolster
Panzerjäger Mechanized Group
le.IG 18 Support Gun Team
Construct Panzerarmee Kommand
Selects Semovente da 75/18 Assault Gun
Walking Stuka Rocket Launcher
Flak 36 Anti-tank Gun Team
Walking Stuka Rocket Launcher
Selects Breda Model 30 Light Machine Guns
Flak 36 Anti-tank Gun Team